 Dungeon Crawl Stone Soup version 0.22.1-2-g9c5b331 (webtiles) character file.

675 TheAlmogaver the Magician (level 7, -9/51 HPs)
             Began as a Gnoll Wizard on Dec 15, 2018.
             Mangled by an orc warrior
             ... wielding a +0 dire flail
              (23 damage)
             ... on level 6 of the Dungeon.
             The game lasted 00:39:17 (6261 turns).

TheAlmogaver the Magician (Gnoll Wizard)            Turns: 6261, Time: 00:39:18

Health: -9/51      AC:  9    Str:  9    XL:     7   Next: 59%
Magic:  7/18       EV: 14    Int: 22    God:
Gold:   259        SH:  0    Dex: 14    Spells: 10/21 levels left

rFire    + . .     SeeInvis .   e - +0 short sword
rCold    + . .     Gourm    .   s - +0 buckler
rNeg     . . .     Faith    .   x - +2 robe {rC+ rF+}
rPois    .         Spirit   .   b - +1 hat
rElec    .         Reflect  .   u - +2 cloak
rCorr    .         Harm     .   r - +0 pair of gloves
MR       .....                  (no boots)
Stlth    +.........             (no amulet)
HPRegen  0.17/turn              (no ring)
MPRegen  0.16/turn              (no ring)

@: confused, very slightly contaminated
A: distributed training, fangs 1, strong nose
a: no special abilities


You were on level 6 of the Dungeon.
You were not hungry.

You visited 1 branch of the dungeon, and saw 6 of its levels.

You collected 259 gold pieces.

Inventory:

Hand Weapons
 e - a +0 short sword (weapon)
 h - a cursed -2 dagger
 p - a +1 quarterstaff
 v - a +0 shortbow
Missiles
 g - 27 bolts
 i - 46 poisoned needles (quivered)
Armour
 a - a +0 robe
 b - a +1 hat (worn)
 k - a +0 cloak
 l - a +0 shield
 n - a +0 helmet
 r - a +0 pair of gloves (worn)
 s - a +0 buckler (worn)
 u - a +2 cloak (worn)
 x - a +2 robe of resistance (worn)
Wands
 q - a wand of paralysis (11)
 t - a wand of clouds (4)
 w - a wand of random effects (32)
Scrolls
 f - 3 scrolls of identify
 j - 2 scrolls of remove curse
 m - a scroll of magic mapping
 o - 2 scrolls of fog
Potions
 c - a potion of agility
Comestibles
 d - 5 rations


   Skills:
 + Level 2.5 Fighting
 + Level 2.5 Short Blades
 + Level 2.5 Long Blades
 + Level 2.5 Axes
 + Level 2.5 Maces & Flails
 + Level 2.5 Polearms
 + Level 2.5 Staves
 + Level 2.5 Slings
 + Level 2.5 Bows
 + Level 2.5 Crossbows
 + Level 2.5 Throwing
 + Level 2.5 Armour
 + Level 5.2 Dodging
 + Level 4.9 Stealth
 + Level 2.5 Shields
 + Level 2.5 Unarmed Combat
 + Level 7.6 Spellcasting
 + Level 3.0 Conjurations
 + Level 2.0 Hexes
 + Level 2.0 Charms
 + Level 3.0 Summonings
 + Level 2.0 Necromancy
 + Level 3.0 Translocations
 + Level 2.0 Transmutations
 + Level 2.0 Fire Magic
 + Level 2.0 Ice Magic
 + Level 2.0 Air Magic
 + Level 2.0 Earth Magic
 + Level 2.0 Poison Magic
 + Level 2.8 Invocations
 + Level 2.5 Evocations


You had 10 spell levels left.
You knew the following spells:

 Your Spells              Type           Power        Failure   Level  Hunger
a - Magic Dart            Conj           ###.         2%          1    None
b - Blink                 Tloc           N/A          4%          2    None
c - Call Imp              Summ           ###.....     4%          2    None
d - Conjure Flame         Conj/Fire      ###.....     10%         3    None
e - Mephitic Cloud        Conj/Pois/Air  ###.....     11%         3    None

Your spell library contained the following spells:

 Spells                   Type           Power        Failure   Level  Hunger
 Slow                     Hex            ###.....     6%          2    None


Dungeon Overview and Level Annotations

Branches:
Dungeon (6/15)
 Temple: D:4-7

Altars:
Gozag
The Shining One


Innate Abilities, Weirdness & Mutations

Your experience applies equally to all skills.
You have very sharp teeth.
Your uncanny sense of smell can sniff out nearby items.


Message History

Something hits you but does no damage.
An orc warrior comes into view. It is wielding a dire flail.
You hear some strange, mumbled words.
A puff of flame appears from out of thin air!
The puff of flame hits you! You resist. Something hits you but does no damage.
Your crimson imp blinks!
Something hits you but does no damage.
You hear some strange, mumbled words.
You are more confused.
An orc comes into view. It is wielding a club.
Something barely misses you. Something barely misses you.
Your crimson imp blinks!
Something hits you.
The orc warrior hits you with a dire flail!!
* * * LOW HITPOINT WARNING * * *
Something barely misses you.
The orc warrior hits you with a dire flail!!
You die...

#.##......### ..... #.#<......#
#######..... #.#.......#
#.......... #.#.......+
+.....5.# ###'#.......#
#....o..######## #........####
#..............# #........##
#..............#
#............##.{o...........#
###'#.###....##.@ยง...........#
#.#.##........#.####.......#
#.#.##.....##.#.# #.).....#
#.#.##.....##.#.# #.......#
#.#........##.#.####.......#
#.#####....##.#...............
#...............####.......###
#############.#.# #.......#
...#.# #########


You could see an orc warrior, an orc and a friendly crimson imp.

Vanquished Creatures
  Sigmund (D:5)
  2 centaurs (D:5)
  A bullfrog (D:6)
  A bullfrog zombie (D:5)
  A hound (D:4)
  A centaur skeleton (D:4)
  A bullfrog skeleton (D:5)
  A worker ant (D:5)
  A hound skeleton (D:4)
  4 adders
  An ooze (D:2)
  A worm (D:2)
  A dart slug (D:1)
  3 leopard geckos
  3 orcs (D:3)
  6 bats
  4 giant cockroaches
  6 goblins
  4 hobgoblins
  4 jackals
  7 kobolds
  A ball python (D:3)
  6 frilled lizards
  8 rats
69 creatures vanquished.

Vanquished Creatures (collateral kills)
  An ogre (D:4)
  A scorpion (D:4)
  A hound (D:4)
  An iguana (D:3)
  2 worker ants
  A hound skeleton (D:4)
  An adder (D:5)
  An adder zombie (D:5)
  An adder skeleton (D:5)
  A worm (D:2)
  A leopard gecko (D:2)
  4 orcs
  2 jackals (D:2)
  2 goblins
  A kobold (D:2)
  A rat (D:3)
22 creatures vanquished.

Grand Total: 91 creatures vanquished

Notes
Turn   | Place    | Note
-------+----------+-------------------------------------------
     0 | D:1      | TheAlmogaver the Gnoll Wizard began the quest for the Orb.
     0 | D:1      | Reached XP level 1. HP: 13/13 MP: 8/8
   147 | D:1      | Reached XP level 2. HP: 19/19 MP: 0/10
   622 | D:1      | Reached XP level 3. HP: 25/25 MP: 7/11
   637 | D:1      | Learned a level 2 spell: Blink
   640 | D:1      | Learned a level 2 spell: Call Imp
   644 | D:1      | Learned a level 3 spell: Conjure Flame
   648 | D:1      | Learned a level 3 spell: Mephitic Cloud
  1565 | D:2      | Reached skill level 1 in Invocations
  1797 | D:2      | Reached skill level 1 in Fighting
  1797 | D:2      | Reached skill level 1 in Short Blades
  1797 | D:2      | Reached skill level 1 in Long Blades
  1797 | D:2      | Reached skill level 1 in Axes
  1797 | D:2      | Reached skill level 1 in Maces & Flails
  1797 | D:2      | Reached skill level 1 in Polearms
  1797 | D:2      | Reached skill level 1 in Staves
  1797 | D:2      | Reached skill level 1 in Slings
  1797 | D:2      | Reached skill level 1 in Bows
  1797 | D:2      | Reached skill level 1 in Crossbows
  1797 | D:2      | Reached skill level 1 in Throwing
  1797 | D:2      | Reached skill level 1 in Armour
  1797 | D:2      | Reached skill level 1 in Shields
  1797 | D:2      | Reached skill level 1 in Unarmed Combat
  1797 | D:2      | Reached skill level 1 in Evocations
  1804 | D:2      | Found an opulent altar of Gozag.
  2024 | D:2      | Reached XP level 4. HP: 32/32 MP: 11/13
  2311 | D:2      | Found a glowing golden altar of the Shining One.
  2625 | D:3      | Reached skill level 1 in Hexes
  2625 | D:3      | Reached skill level 1 in Charms
  2625 | D:3      | Reached skill level 1 in Necromancy
  2625 | D:3      | Reached skill level 1 in Transmutations
  2625 | D:3      | Reached skill level 1 in Fire Magic
  2625 | D:3      | Reached skill level 1 in Ice Magic
  2625 | D:3      | Reached skill level 1 in Air Magic
  2625 | D:3      | Reached skill level 1 in Earth Magic
  2625 | D:3      | Reached skill level 1 in Poison Magic
  2839 | D:3      | Reached XP level 5. HP: 37/37 MP: 7/14
  3176 | D:4      | Noticed an ogre
  3862 | D:4      | Reached XP level 6. HP: 42/44 MP: 6/16
  4521 | D:4      | Reached skill level 5 in Dodging
  4661 | D:5      | Entered Level 5 of the Dungeon
  5302 | D:5      | Noticed Sigmund
  5322 | D:5      | Killed Sigmund
  5322 | D:5      | Reached XP level 7. HP: 49/50 MP: 9/18
  6261 | D:6      | Mangled by an orc warrior

Skill      XL: |  1  2  3  4  5  6  7 |
---------------+----------------------+-----
Conjurations   | 2 3 |  3.0
Summonings     | 2 3 |  3.0
Translocations | 2 3 |  3.0
Invocations    | 1 2 |  2.8
Fighting       | 1 2 |  2.5
Short Blades   | 1 2 |  2.5
Long Blades    | 1 2 |  2.5
Axes           | 1 2 |  2.5
Maces & Flails | 1 2 |  2.5
Polearms       | 1 2 |  2.5
Staves         | 1 2 |  2.5
Slings         | 1 2 |  2.5
Bows           | 1 2 |  2.5
Crossbows      | 1 2 |  2.5
Throwing       | 1 2 |  2.5
Armour         | 1 2 |  2.5
Shields        | 1 2 |  2.5
Unarmed Combat | 1 2 |  2.5
Evocations     | 1 2 |  2.5
Hexes          | 1 2 |  2.0
Charms         | 1 2 |  2.0
Necromancy     | 1 2 |  2.0
Transmutations | 1 2 |  2.0
Fire Magic     | 1 2 |  2.0
Ice Magic      | 1 2 |  2.0
Air Magic      | 1 2 |  2.0
Earth Magic    | 1 2 |  2.0
Poison Magic   | 1 2 |  2.0
Dodging        | 5 |  5.2
Stealth        | |  4.9
Spellcasting   | |  7.6

Action                   |  1- 3 |  4- 6 |  7- 9 || total
-------------------------+-------+-------+-------++-------
Melee: Short sword       |       |     3 |       ||     3
 Cast: Magic Dart        |    80 |    87 |    17 ||   184
       Call Imp          |    13 |    45 |    20 ||    78
       Mephitic Cloud    |       |     5 |     4 ||     9
       Blink             |       |     5 |     5 ||    10
  Use: Scroll            |     7 |     4 |     1 ||    12
       Potion            |     2 |     1 |     1 ||     4
  Eat: Chunk             |     3 |     1 |       ||     4
       Ration            |       |     3 |     1 ||     4
Armor: Robe              |     4 |    13 |    16 ||    33
Dodge: Dodged            |     6 |    28 |    21 ||    55
Block: Buckler           |       |     2 |     4 ||     6
